 Dungeon Crawl Stone Soup version 0.32-a0-818-gb728d0252e (webtiles) character file.

Game seed: 4841057637753728333

291 pokeman the Magician (level 6, -1/34 HPs)
             Began as a Deep Elf Hedge Wizard on Mar 25, 2024.
             Slain by an iguana (5 damage)
             ... on level 5 of the Dungeon.
             The game lasted 00:09:37 (4672 turns).

pokeman the Magician (Deep Elf Hedge Wizard)        Turns: 4672, Time: 00:09:37

Health: -1/34      AC:  5    Str:  7    XL:     6   Next: 10%
Magic:  1/17       EV: 12    Int: 21    God:
Gold:   155        SH:  0    Dex: 14    Spells: 5/18 levels left

rFire   . . .        q - +0 mace (protect)
rCold   + . .        (no shield)
rNeg    . . .        b - +0 robe
rPois   .            k - +1 helmet
rElec   .            t - +0 cloak
rCorr   .            (no gloves)
SInv    .            (no boots)
Will    .....        (no amulet)
Stlth   ++           r - ring of protection from cold
HPRegen 0.25/turn    (no ring)
MPRegen 0.15/turn

%: no passive effects
@: lethally poisoned (-1 -> -5), very slightly contaminated, hasted, very quick
A: no striking features
a: no special abilities


You were on level 5 of the Dungeon.
You visited 1 branch of the dungeon, and saw 5 of its levels.

You collected 155 gold pieces.

Inventory:

Hand Weapons
 q - a +0 mace of protection (weapon)
Missiles
 l - 2 curare-tipped darts
Armour
 b - a +0 robe (worn)
 c - a +0 buckler
 k - a +1 helmet (worn)
 t - a +0 cloak (worn)
Magical Staves
 n - a staff of alchemy
Jewellery
 r - a ring of protection from cold (left hand)
Scrolls
 f - a scroll of teleportation {unknown}
 g - 2 scrolls of enchant armour {unknown}
 i - a scroll of torment {unknown}
 j - 7 scrolls of identify {unknown}
 m - a scroll of amnesia {unknown}
Potions
 a - a potion of curing {unknown}
 d - 2 potions of magic
 e - 2 potions of invisibility {unknown}
 h - a potion of cancellation {unknown}
 o - 2 potions of haste
 p - a potion of enlightenment {unknown}
 s - a potion of mutation {unknown}
 u - a potion of berserk rage {unknown}


   Skills:
 - Level 1.1 Fighting
 - Level 1.0 Armour
 - Level 3.0 Dodging
 - Level 3.0 Stealth
 - Level 1.0 Shields
 * Level 6.8 Spellcasting
 + Level 3.0 Conjurations
 - Level 1.1 Summonings
 - Level 1.1 Translocations
 + Level 0.0 Ice Magic
 - Level 1.0 Alchemy
 + Level 0.4 Evocations


You had 5 spell levels left.
You knew the following spells:

 Your Spells              Type           Power      Damage    Failure   Level
a - Magic Dart            Conj           80%        1d7       2%          1
b - Mephitic Cloud        Conj/Alch/Air  12%        N/A       16%         3
c - Call Imp              Summ           22%        N/A       9%          2
d - Blink                 Tloc           22%        N/A       9%          2
e - Freezing Cloud        Conj/Ice/Air   5%         6-21      86%         5

Your spell library contained the following spells:

 Spells                   Type           Power      Damage    Failure   Level
 Momentum Strike          Conj/Tloc      30%        3d8       6%          2
 Slow                     Hex            28%        N/A       9%          1
 Lesser Beckoning         Tloc           22%        N/A       9%          2
 Mercury Vapours          Alch/Air       18%        N/A       11%         2
 Cigotuvi's Dreadful Rot  Necr/Alch/Air  16%        N/A       12%         2


Dungeon Overview and Level Annotations

Branches:
Dungeon (5/15)
 Temple: D:4-7

Altars:

Shops:
D:2 (

Annotations:
D:5 Ijyb


Message History

Confirm with . or Enter, or press ? or * to list all spells.
You don't have enough magic to cast this spell.
The bombardier beetle seems less confused.
Found a pair of gloves.
Casting: Mephitic Cloud (quite dangerous; 16% risk of failure)
Confirm with . or Enter, or press ? or * to list all spells.
Aiming: Mephitic Cloud (quite dangerous; 16% risk of failure)
Press: ? - help, Shift-Dir - straight line, f - scorpion, p - bombardier beetle
Aim: a scorpion (chance to affect: 81%)
You miscast Mephitic Cloud.
You are very lightly contaminated with residual magic.
Nothing appears to happen.
The hound barks!
Unknown command.
You aren't carrying any items that you can evoke.
Unknown command.
Throw: 3 darts (curare)
Press: ? - help, Shift-Dir - straight line, f/p - scorpion
Aim: a scorpion (54% to hit)
You throw a curare-tipped dart.
The curare-tipped dart hits the scorpion.
The scorpion is poisoned.
The scorpion struggles to breathe.
The scorpion seems to slow down.
The scorpion is moderately wounded.
The iguana bites you but does no damage.
The scorpion stings you.
* * * LOW HITPOINT WARNING * * *
You are lethally poisoned!
The scorpion poisons you!
* * * LOW HITPOINT WARNING * * *
You feel sick.
Unknown command.
* * * LOW HITPOINT WARNING * * *
You feel sick.
It was a potion of haste.
You feel yourself speed up.
* * * LOW HITPOINT WARNING * * *
You feel sick.
You kill the scorpion!
The iguana bites you.
You die...

................####
B............B..#..
................#.#
................#.#
...#########......#
### #..(...#
#......# #hl†...#
#.@....#
............#
...###......# .
.......# ##........
[........#
###########


You could see a bombardier beetle, an iguana and a hound.

Vanquished Creatures
  A scorpion (D:5)
  A bombardier beetle (D:3)
  An orc priest (D:4)
  A sleepcap (D:4)
  An iguana (D:4)
  2 orc wizards
  2 adders
  3 dart slugs
  4 ribbon worms
  19 orcs
  6 bats
  2 endoplasms
  4 giant cockroaches
  6 goblins
  2 hobgoblins (D:4)
  2 jackals (D:4)
  8 kobolds
  3 quokkas
  7 ball pythons
  3 frilled lizards
  3 rats
81 creatures vanquished.

Notes
Turn   | Place    | Note
-------+----------+-------------------------------------------
     0 | D:1      | pokeman the Deep Elf Hedge Wizard began the quest for the
                  | Orb.
     0 | D:1      | Reached XP level 1. HP: 10/10 MP: 7/7
   311 | D:1      | Reached XP level 2. HP: 15/15 MP: 5/9
   869 | D:1      | Reached skill level 5 in Spellcasting
  1194 | D:2      | Reached XP level 3. HP: 20/20 MP: 3/11
  1198 | D:2      | Learned a level 3 spell: Mephitic Cloud
  1201 | D:2      | Learned a level 2 spell: Call Imp
  1204 | D:2      | Learned a level 2 spell: Blink
  1485 | D:2      | Found Fothaen's Antique Weapon Shoppe.
  2164 | D:2      | Reached skill level 1 in Fighting
  2164 | D:2      | Reached skill level 1 in Armour
  2281 | D:3      | Reached XP level 4. HP: 19/25 MP: 11/13
  2347 | D:3      | Found a faded altar of an unknown god.
  3260 | D:4      | Reached skill level 6 in Spellcasting
  3319 | D:4      | Reached XP level 5. HP: 29/29 MP: 12/15
  3602 | D:4      | Learned a level 5 spell: Freezing Cloud
  3671 | D:4      | Reached skill level 1 in Shields
  4362 | D:4      | Reached skill level 1 in Alchemy
  4362 | D:4      | Reached XP level 6. HP: 24/34 MP: 14/17
  4626 | D:5      | Entered Level 5 of the Dungeon
  4626 | D:5      | Noticed Ijyb
  4651 | D:5      | Noticed a water moccasin
  4672 | D:5      | Slain by an iguana

Illustrated notes

Levels and vault maps discovered:
D:1:      mainiacjoe_arrival_reflecting_pool, layout_loops_cross
D:2:      layout_basic, serial_shops, shop, nrook_loot_triangle
D:3:      layout_basic, hellmonk_ecumenical_altar_inner_sanctum,
          chequers_serial_rivers_large_a, minmay_misc_feat_rows,
          minmay_goblin_outpost
D:4:      layout_basic
D:5:      layout_basic, minmay_temple_entry_poolview, uniq_pikel, uniq_duvessa,
          uniq_ijyb, uniq_sigmund, uniq_grinder

Skill      XL: |  1  2  3  4  5 |
---------------+----------------+-----
Spellcasting   | 5 6 |  6.8
Fighting       | 1 |  1.1
Armour         | 1 |  1.0
Conjurations   | 2 3 |  3.0
Dodging        | 3 |  3.0
Shields        | 1 |  1.0
Stealth        | 3 |  3.0
Alchemy        | 1 |  1.0
Summonings     | |  1.1
Translocations | |  1.1
Evocations     | |  0.4

Action                     |  1- 3 |  4- 6 || total
---------------------------+-------+-------++-------
  Melee: Dagger            |    31 |       ||    31
         Mace              |     4 |    70 ||    74
  Throw: Dart              |       |     1 ||     1
   Cast: Magic Dart        |    69 |   114 ||   183
         Call Imp          |     3 |     1 ||     4
         Mephitic Cloud    |     2 |     8 ||    10
    Use: Potion            |       |     1 ||     1
   Stab: Confused          |     2 |    13 ||    15
 Armour: Robe              |    24 |    47 ||    71
  Dodge: Dodged            |    18 |    53 ||    71

Table legend: (Time is in decaauts)
 A = Elapsed time spent in this place.
 B = Non-inter-level travel time spent in this place.
 C = Inter-level travel time spent in this place.
 D = Time resting spent in this place.
 E = Time spent auto-exploring this place.
 F = Levels seen in this place.
 G = Mean time per level.
                   A        B        C        D        E       F      G
               +--------+--------+--------+--------+--------+-----+--------+
         Total |   4717 |   4585 |    132 |    136 |   3812 |   5 |  943.4 |
       Dungeon |   4717 |   4585 |    132 |    136 |   3812 |   5 |  943.4 |
               +--------+--------+--------+--------+--------+-----+--------+

Top non-repeatable levels by time:
     D:4: 1403 daAuts
     D:3: 1122 daAuts
     D:1: 1096 daAuts
     D:2: 1048 daAuts
     D:5: 47 daAuts
